 Dungeon Sprint DCSS version 0.23-a0-726-g9fa1570 (webtiles) character file.

32 Lanoc the Skirmisher (level 3, -1/31 HPs)
             Began as a Demonspawn Fighter on Jan 17, 2019.
             Killed from afar by an orc wizard (9 damage)
             ... with a puff of flame
             ... in the Dungeon (Sprint IX: "|||||||||||||||||||||||||||||").
             The game lasted 00:00:35 (121 turns).

Lanoc the Skirmisher (Demonspawn Fighter)            Turns: 121, Time: 00:00:35

Health: -1/31      AC:  7    Str: 17    XL:     3   Next: 10%
Magic:  3/3        EV:  8    Int:  9    God:
Gold:   0          SH:  8    Dex: 12    Spells: 2/2 levels left

rFire    . . .     SeeInvis .   a - +0 long sword
rCold    . . .     Gourm    .   c - +0 shield
rNeg     . . .     Faith    .   b - +0 scale mail
rPois    .         Spirit   .   (no helmet)
rElec    .         Reflect  .   (no cloak)
rCorr    .         Harm     .   (no gloves)
MR       .....     NoTele   +   (no boots)
Stlth    ..........             (no amulet)
HPRegen  0.10/turn              (no ring)
MPRegen  0.08/turn              (no ring)

@: berserk cooldown, slowed, very slow
A: claws 1, demonic guardian 1
a: no special abilities


You were in the Dungeon.
You were not hungry.

You visited 1 branch

Inventory:

Hand Weapons
 a - a +0 long sword (weapon)
Armour
 b - a +0 scale mail (worn)
 c - a +0 shield (worn)
Scrolls
 k - a scroll of blinking
Potions
 d - a potion of might
 e - a potion of curing
 g - a potion of heal wounds
 h - a potion of haste
 i - 2 potions of magic
Comestibles
 f - a ration
 l - 3 chunks of flesh


   Skills:
 + Level 4.6 Fighting
 - Level 1.7 Long Blades
 + Level 4.2 Armour
 + Level 3.0 Dodging
 - Level 2.6 Shields


You had 2 spell levels left.
You didn't know any spells.
Your spell library was empty.

Dungeon Overview and Level Annotations

Branches:
Dungeon (1/1)

Altars:


Innate Abilities, Weirdness & Mutations

You have sharp fingernails.
A weak demonic guardian rushes to your aid.


Message History

Something hits you but does no damage. x2
You hit something but do no damage.
You hear some strange, mumbled words.
A puff of flame appears from out of thin air!
The puff of flame hits you! Something hits you but does no damage.
You hear some strange, mumbled words.
A magic dart appears from out of thin air!
The magic dart hits you! Something completely misses you.
Unknown command.
You hit something but do no damage.
Something hits you but does no damage. x3
You closely miss something.
Something hits you but does no damage. x3
You hit something. Something hits you but does no damage.
You hear some strange, mumbled words.
A magic dart appears from out of thin air!
The magic dart hits you!
* * * LOW HITPOINT WARNING * * *
You hear some strange, mumbled words.
A puff of flame appears from out of thin air!
The puff of flame hits you!
You die...

▓.▓
▓.▓
▓)▓
▓.▓
▓.▓
▓.▓
▓.▓
▓.▓
▓@▓
▓{▓
▓Z▓
▓.▓
▓.▓
▓.▓
▓+▓


You could see a jackal zombie.

Vanquished Creatures
  A worker ant (D)
  A giant cockroach (D)
  2 goblins (D)
  A hobgoblin (D)
  A kobold (D)
  A quokka (D)
  A leopard gecko skeleton (D)
8 creatures vanquished.

Notes
Turn   | Place    | Note
-------+----------+-------------------------------------------
     0 | D        | Lanoc the Demonspawn Fighter began the quest for the Orb.
     0 | D        | Reached XP level 1. HP: 18/18 MP: 1/1
     6 | D        | Reached skill level 1 in Dodging
    96 | D        | Noticed a worker ant
    96 | D        | Noticed an orc wizard
   104 | D        | Killed a worker ant
   104 | D        | Gained mutation: A weak demonic guardian rushes to your
                  | aid. [demonic ancestry]
   104 | D        | Reached XP level 2. HP: 22/26 MP: 2/2
   104 | D        | Gained mutation: You have sharp fingernails. [demonic
                  | ancestry]
   104 | D        | Reached XP level 3. HP: 26/31 MP: 3/3
   121 | D        | Killed from afar by an orc wizard

Vault maps used:
D:        linesprint

Skill      XL: |  1  2  3 |
---------------+----------+-----
Armour         | 4 |  4.2
Dodging        | 2 3 |  3.0
Fighting       | 4 |  4.6
Long Blades    | |  1.7
Shields        | |  2.6

Action                   || total
-------------------------++-------
Melee: Long sword        ||    44
  Use: Potion            ||     1
Armor: Scale mail        ||    26
Dodge: Dodged            ||     9
Block: Shield            ||    13
       Rpst.: Long sword ||     5

Table legend:
 A = Non-vault XP
 B = Vault XP
 C = Vault XP percentage of total XP
 D = Non-vault monster count
 E = Vault monster count
 F = Vault count percentage of total count
                 A         B        C        D         E       F
            +---------+---------+-------+---------+---------+-------
      Total |       0 |      47 | 100.0 |       0 |       8 | 100.0
            +---------+---------+-------+---------+---------+-------
          D |       0 |      47 | 100.0 |       0 |       8 | 100.0
            +---------+---------+-------+---------+---------+-------
